from Zerg's Ground Zero, link at bottom
Go up to 66 drones with 6 gasses. When you reach 66 drones
From this point, you can pretty much do anything you want - ling bane - take +1 melee - you can go Roach Hydra - roach speed -> hydra speed, +1 - Hydra Ling bane - Roach Ravager Ling Bane
Hydra Lurker you have to go up to 85-88 Drones with 5th base
https://www.patreon.com/posts/zvp-how-to-play-146725417
| 14 | 0:14 | | xtr trick |
| 13 | 0:16 | | |
| 15 | 0:22 | | pull drone to natural at 1:30, if probe send to 3rd |
| 15 | 0:40 | | |
| 16 | 0:46 | | |
| 17 | 0:52 | | rally to gas |
| 18 | 0:57 | | rally to pool |
| 18 | 1:07 | | take less exposed gas, rally next 3main drones to gas |
| 17 | 1:12 | | drone to 21, pull drones from gas at 100 |
| 21 | 1:59 | | |
| 25 | 2:00 | | in main |
| 26 | 2:01 | | in natural, rally to 3rd. pull drones from gas to natural @100 (start at 88) |
| 28 | 2:14 | | |
| 29 | 2:19 | | from natural, rally to 3rd |
| 32 | 2:31 | | queue in natural, tumor when finished |
| 34 | 2:43 | | keep lings at 3rd until hatch is down |
| 33 | 2:47 | | from main, then 2 drones in natural |
| 35 | 2:56 | | from main, first inject finishing. double inject before production |
| 36 | 3:07 | | natural larva |
| 39 | 3:10 | | main, 3 rally to gas, 1 to main mineral (17/16 to make spore later) |
| 43 | 3:17 | | main, tumor in main when done |
| 45 | 3:24 | | main |
| 48 | 3:30 | | natural |
| 48 | 3:33 | | natural |
| 47 | 3:41 | | then send lings to enemy 3rd/scout |
| 47 | 3:42 | | defensive. if scout shows delayed |
| 52 | 3:56 | | main. if scout shows delayed warpgate/stargate, transfer 10 drones (with queen protect) from natural to 3rd |
| 61 | 4:07 | | main |
| 61 | 4:12 | | at 3rd, tumor at 3rd |
| 65 | 4:24 | | main |
| 66 | 4:29 | | natural, saturate immediately |
| 68 | 4:40 | | 4th |
| 68 | 4:41 | | |
| 68 | 4:43 | | |
| 77 | 5:00 | | approximate timing |
| 82 | 5:20 | | at 3rd when saturated |

On March 5, 2026, 8:24 a.m., spian said:
@rgr it would depend on what your opponents doing / what you're aiming to do. If you dont specifically need gas you can always plan to take the 2nd gas when your main is getting mined out.
That being said I only transcribed this build from Zerg's Ground Zero's video on patreon, I recommend checking out the original video at the link below for more info
https://www.patreon.com/posts/zvp-how-to-play-146725417
On March 5, 2026, 7:51 a.m., rgr said:
when is 2nd gas at main?